AoeStats
← eugene

Yucatan

510860205Analyzed
3v3 RM · 14h ago on Oct 2, 2026· 67m 6s· 6 players
Game mode
Random Map
Map size
Normal (6 player)
Population
200
Speed
Normal
Resources
Standard
Victory
Conquest
Starting age
Dark Age
Ending age
Imperial Age
RankedLock teamsTeams togetherTeam positionsShared explorationLock speedFull tech treeHidden civsTurbo modeCheats
Victory
Defeat
🇬🇪 Italians · Georgia
1116
+16
🇨🇾 Jurchens · Cyprus
1098
+16
🇩🇪 Slavs · Germany
1007
+20
🇨🇿 Varangians · Czechia
1133
-19
🇨🇿 Persians · Czechia
1093
-17
🇧🇷 Mongols · Brazil
1078
-16
Deadshot
5:48 Loom
10:52 Feudal Age
11:37 Double-Bit Axe
14:44 Castle Age
13:48 Horse Collar
17:59 Bow Saw
21:12 Wheelbarrow
22:52 Heavy Plow
26:38 Gold Mining
26:38 Stone Mining
29:53 Imperial Age
29:21 Gold Shaft Mining
29:47 Scale Barding Armor
29:52 Forging
29:58 Bloodlines
29:48 Husbandry
29:58 Fletching
30:09 Padded Archer Armor
30:32 Conscription
31:11 Crop Rotation
30:09 Elite Skirmisher
31:49 Ballistics
32:29 Chemistry
30:54 Cavalier
32:29 Thumb Ring
32:46 Bodkin Arrow
33:13 Chain Barding Armor
33:34 Kamandaran
32:58 Crossbowman
34:01 Leather Archer Armor
35:29 Town Watch
37:57 Savar
39:37 Plate Barding Armor
39:38 Iron Casting
39:59 Elite War Elephant
41:23 Scale Mail Armor
44:11 Two-Man Saw
42:54 Pikeman
43:35 Squires
43:21 Arson
45:20 Ring Archer Armor
45:52 Blast Furnace
44:59 Onager
47:15 Masonry
49:51 Hand Cart
49:36 Town Patrol
63:11 Halberdier
64:56 Chain Mail Armor
poky.pok
11:57 Feudal Age
16:04 Castle Age
13:53 Double-Bit Axe
14:57 Loom
23:14 Wheelbarrow
24:14 Bow Saw
26:56 Horse Collar
28:05 Heavy Plow
28:36 Gold Mining
29:16 Husbandry
29:27 Bloodlines
36:04 Imperial Age
34:04 Scale Barding Armor
34:09 Forging
36:13 Iron Casting
36:09 Cavalier
40:24 Stone Mining
41:10 Crop Rotation
40:23 Vendel Legacy
43:46 Hand Cart
45:00 Chain Barding Armor
45:41 Blast Furnace
44:43 Elite Jarl
48:32 Plate Barding Armor
48:49 Squires
48:42 Fletching
48:53 Padded Archer Armor
50:36 Chemistry
49:56 Ballistics
49:40 Bodkin Arrow
49:09 Elite Skirmisher
51:07 Leather Archer Armor
51:14 Bracer
52:38 Ring Archer Armor
58:37 Two-Man Saw
66:36 Conscription
FALA MEU AMOR!
5:38 Loom
11:49 Feudal Age
15:46 Bloodlines
16:26 Forging
17:29 Scale Barding Armor
19:14 Wheelbarrow
18:56 Double-Bit Axe
22:59 Castle Age
20:53 Gold Mining
21:41 Fletching
23:14 Padded Archer Armor
23:41 Bodkin Arrow
27:32 Leather Archer Armor
30:00 Ballistics
31:10 Hand Cart
31:44 Gold Shaft Mining
31:51 Bow Saw
32:36 Thumb Ring
34:08 Horse Collar
36:43 Heavy Plow
40:45 Imperial Age
39:44 Chain Barding Armor
41:42 Iron Casting
42:07 Parthian Tactics
42:37 Bracer
43:40 Stone Mining
44:53 Onager
48:53 Siege Onager
51:25 Chemistry
50:53 Capped Ram
51:58 Drill
55:47 Blast Furnace
54:35 Heavy Camel Rider
56:25 Siege Ram
60:51 Conscription
Subutai ,,the Valiant"
10:59 Feudal Age
10:28 Loom
16:02 Castle Age
15:19 Horse Collar
15:25 Double-Bit Axe
16:39 Gold Mining
18:19 Wheelbarrow
18:40 Bow Saw
23:32 Heavy Plow
24:00 Hand Cart
26:52 Town Watch
28:53 Padded Archer Armor
29:30 Fletching
30:03 Siege Engineers
34:29 Gold Mining
34:58 Leather Archer Armor
37:39 Imperial Age
35:33 Masonry
36:36 Gold Shaft Mining
37:15 Bodkin Arrow
39:09 Thunderclap Bombs
39:42 Ring Archer Armor
40:17 Conscription
40:59 Chemistry
45:07 Hoardings
54:40 Scale Barding Armor
54:37 Scale Mail Armor
54:48 Forging
55:46 Squires
55:31 Gambesons
56:03 Chain Mail Armor
56:56 Iron Casting
57:10 Architecture
56:51 Clinker Construction
eugene
11:04 Feudal Age
14:57 Castle Age
12:43 Loom
13:31 Double-Bit Axe
20:31 Horse Collar
22:24 Bow Saw
24:09 Heavy Plow
24:37 Fletching
26:16 Gold Mining
26:16 Stone Mining
28:14 Ballistics
27:53 Bodkin Arrow
28:00 Padded Archer Armor
32:47 Imperial Age
32:03 Leather Archer Armor
32:54 Wheelbarrow
34:33 Chemistry
32:59 Elite Genoese Crossbowman
34:00 Conscription
34:22 Bracer
34:53 Ring Archer Armor
36:23 Hoardings
39:07 Hand Cart
56:58 Stone Shaft Mining
lazar_kvazar
8:41 Loom
11:07 Feudal Age
12:12 Double-Bit Axe
15:18 Gold Mining
15:19 Stone Mining
27:39 Man-at-Arms
31:39 Castle Age
32:38 Scale Barding Armor
32:44 Forging
32:14 Long Swordsman
34:22 Detinets
37:08 Imperial Age
38:56 Chain Barding Armor
39:33 Conscription
41:48 Plate Barding Armor
44:06 Elite Boyar
47:02 Iron Casting
50:12 Wheelbarrow
52:42 Blast Furnace
55:16 Hand Cart
Connection lost

Rejoining the realm…

Still unreachable

The connection could not be restored.

Session expired

The server has moved on; the page needs a fresh start.